 Dungeon Crawl Stone Soup version 0.30.1-6-gbe392663c4 (webtiles) character file.

Game seed: 937937376385732059

14 Cheops the Caller (level 2, 0/19 HPs)
             Began as a Merfolk Summoner on Sept 20, 2023.
             Slain by a quokka (4 damage)
             ... on level 1 of the Dungeon.
             The game lasted 00:03:40 (570 turns).

Cheops the Caller (Merfolk Summoner)                 Turns: 570, Time: 00:03:40

Health: 0/19       AC:  3    Str:  8    XL:     2   Next: 45%
Magic:  2/5        EV: 12    Int: 14    God:
Gold:   22         SH:  0    Dex: 14    Spells: 3/6 levels left

rFire   . . .        e - +0 club
rCold   . . .        (no shield)
rNeg    . . .        d - +0 leather armour
rPois   .            (no helmet)
rElec   .            (no cloak)
rCorr   .            (no gloves)
SInv    .            (no boots)
Will    .....        (no amulet)
Stlth   ++           (no ring)
HPRegen 0.23/turn    (no ring)
MPRegen 0.09/turn

%: no passive effects
@: very slightly contaminated
A: (nimble swimmer 2), mertail
a: no special abilities


You were on level 1 of the Dungeon.
You visited 1 branch of the dungeon, and saw 1 of its levels.

You collected 22 gold pieces.

Inventory:

Hand Weapons
 e - a +0 club (weapon)
Armour
 a - a +0 robe
 d - a +0 leather armour (worn)
Potions
 b - a potion of magic
 c - a potion of resistance {unknown}


   Skills:
 - Level 2.8 Dodging
 - Level 2.2 Stealth
 * Level 2.7 Spellcasting
 - Level 4.0 Summonings


You had 3 spell levels left.
You knew the following spells:

 Your Spells              Type           Power      Damage    Failure   Level
I - Call Imp              Summ           26%        N/A       10%         2
M - Summon Small Mammal   Summ           52%        N/A       6%          1

Your spell library contained the following spells:

 Spells                   Type           Power      Damage    Failure   Level
 Call Canine Familiar     Summ           13%        N/A       19%         3
 Summon Guardian Golem    Hex/Summ       7%         N/A       38%         3
 Summon Lightning Spire   Summ/Air       7%         N/A       80%         4


Dungeon Overview and Level Annotations

Branches:
Dungeon (1/15)

Altars:


Innate Abilities, Weirdness & Mutations

((You are very nimble when in or above water. (Stealth+, EV+, Speed+++)))
Your lower body shifts to a powerful aquatic tail in water.


Message History

The quokka is severely wounded.
The quokka closely misses you. The quokka bites you.
* * * LOW HITPOINT WARNING * * *
You miss the quokka.
The quokka is severely wounded.
The quokka closely misses you. The quokka bites you.
* * * LOW HITPOINT WARNING * * *
You hit the quokka.
The quokka is severely wounded.
The quokka bites you but does no damage.
You hit the quokka.
The quokka is almost dead.
The quokka bites you.
* * * LOW HITPOINT WARNING * * *
The quokka barely misses you.
You closely miss the quokka.
The quokka is almost dead.
The quokka misses you.
You closely miss the quokka.
The quokka is almost dead.
The quokka closely misses you.
The quokka bites you but does no damage.
Cast which spell? (? or * to list)
You miscast Summon Small Mammal.
You are very lightly contaminated with residual magic.
Nothing appears to happen.
The quokka barely misses you. The quokka closely misses you.
Casting: Summon Small Mammal (safe; 6% risk of failure)
Confirm with . or Enter, or press ? or * to list all spells.
A tiny devil pulls itself out of the air.
The quokka closely misses you.
You hit the quokka but do no damage.
The quokka is almost dead.
The quokka bites you.
* * * LOW HITPOINT WARNING * * *
Your cerulean imp barely misses the quokka.
You miss the quokka.
The quokka is almost dead.
The quokka bites you.
You die...

.......# ... ########
#..# .####### #..#
#### .......# .#.. #..
P#.###+##.#.. #.#
~#......#.#.. #.#
†##.......#.# #.#
)##......##.####r#####
≈##.............@....#
≈##.....##..####5###.#
≈###+#...........# ≈#
#...###..######
≈##..#...#..#
≈#..####..>.# P#.#
###### ...# ####


You could see a quokka (ally target) and a friendly cerulean imp (summoned).

Vanquished Creatures
  A bat (D:1)
  3 endoplasms (D:1)
  2 goblins (D:1)
  A hobgoblin (D:1)
  A kobold (D:1)
  2 quokkas (D:1)
  A rat (D:1)
11 creatures vanquished.

Notes
Turn   | Place    | Note
-------+----------+-------------------------------------------
     0 | D:1      | Cheops the Merfolk Summoner began the quest for the Orb.
     0 | D:1      | Reached XP level 1. HP: 13/13 MP: 3/3
   342 | D:1      | Reached XP level 2. HP: 10/19 MP: 5/5
   345 | D:1      | Learned a level 2 spell: Call Imp
   570 | D:1      | Slain by a quokka

Illustrated notes

Levels and vault maps discovered:
D:1:      eino_arrival_druids_welcome, layout_basic

Action                     || total
---------------------------++-------
  Melee: Unarmed           ||    90
         Tailslap          ||    15
         Club              ||    40
         Punch             ||     1
   Cast: Call Imp          ||     1
 Armour: Leather armour    ||    41
  Dodge: Dodged            ||   115
